 Dungeon Crawl Stone Soup version 0.16-a0-3308-g116f5c4 (webtiles) character file.

469 BluebellGnoll the Covert (level 6, -1/36 HPs)
             Began as a High Elf Enchanter on Dec 26, 2014.
             Slain by a phantom (4 damage)
             ... on level 4 of the Dungeon.
             The game lasted 00:17:07 (3900 turns).

BluebellGnoll the Covert (High Elf Enchanter)       Turns: 3900, Time: 00:17:08

Health: -1/36      AC:  5    Str:  7    XL:     6   Next: 82%
Magic:  1/18       EV: 13    Int: 21    God:
Gold:   119        SH:  0    Dex: 16    Spells: 5 memorised, 1 level left

rFire  . . .     SeeInvis .     a - +1 dagger
rCold  . . .     Clarity  .     b - +1 robe
rNeg   . . .     SustAb   .     (no shield)
rPois  .         Gourm    .     (no helmet)
rElec  .         Spirit   .     p - +1 cloak
rCorr  .         Warding  .     (no gloves)
rMut   .         Stasis   .     (no boots)
MR     .....                    (no amulet)
Stlth  ++++......               (no ring)
                                g - ring of invisibility

@: very slightly contaminated, not resistant to hostile enchantments, stealthy
A: no striking features
a: Evoke Invisibility


You were on level 4 of the Dungeon.
You were hungry.

You visited 1 branch of the dungeon, and saw 4 of its levels.

You collected 119 gold pieces.

Inventory:

Hand weapons
 a - a +1 dagger (weapon)
 o - a +2 quarterstaff of chaos
Missiles
 l - 40 poisoned needles
 x - 3 tomahawks (quivered)
Armour
 b - a +1 robe (worn)
 p - a +1 cloak (worn)
Jewellery
 g - a ring of invisibility (left hand)
Magical devices
 m - a wand of random effects (38)
 B - a wand of slowing (35)
Scrolls
 e - 3 scrolls of fog {unknown}
 f - 2 scrolls of random uselessness {unknown}
 i - a scroll of fear {unknown}
 k - 2 scrolls of noise {unknown}
 n - 3 scrolls of teleportation {unknown}
 s - a scroll of enchant armour {unknown}
 y - 3 scrolls of identify {unknown}
Potions
 h - a potion of flight {unknown}
 j - 4 potions of curing {unknown}
 v - a potion of haste {unknown}
 w - a potion of cure mutation {unknown}
 z - a potion of heal wounds {unknown}
Books
 c - a book of Maledictions

   Spells                             Type                      Level
   a - Corona                         Hexes                        1
   b - Sure Blade                     Hexes/Charms                 2
   c - Ensorcelled Hibernation        Hexes/Ice                    2
   d - Confuse                        Hexes                        3
   e - Dazzling Spray                 Conjuration/Hexes            3
   f - Enslavement                    Hexes                        4
Comestibles
 d - 2 bread rations
 q - a slice of pizza
 r - 7 fruits
 t - 2 beef jerkies
 u - a meat ration


   Skills:
 - Level 1.2 Short Blades
 - Level 2.1 Dodging
 - Level 8.0 Stealth
 * Level 3.9 Spellcasting
 * Level 3.9 Hexes


You had one spell level left.
You knew the following spells:

 Your Spells              Type           Power        Failure   Level  Hunger
a - Corona                Hex            ###....      2%          1    None
b - Ensorcelled Hibernat  Hex/Ice        ##....       12%         2    #......
c - Confuse               Hex            ###.....     10%         3    ###....
d - Sure Blade            Hex/Chrm       ##........   12%         2    #......
e - Dazzling Spray        Conj/Hex       ##......     21%         3    ###....


Dungeon Overview and Level Annotations

Branches:
Dungeon (4/15)
 Temple: D:4-7

Altars:
Gozag
Ru
Yredelemnul
The Shining One

Annotations:
D:3 Natasha


Message History

You are too injured to fight recklessly!
You are too injured to fight recklessly!
You are too injured to fight recklessly!
You are too injured to fight recklessly!
You are too injured to fight recklessly!
You are too injured to fight recklessly!
You are too injured to fight recklessly!
You are too injured to fight recklessly!
You are too injured to fight recklessly!
You barely miss the phantom.
The phantom is moderately damaged.
You catch the helpless phantom completely off-guard!
You puncture the phantom!
The phantom is severely damaged.
The phantom hits you.
* * * LOW HITPOINT WARNING * * *
You hit the phantom.
The phantom is severely damaged.
The phantom hits you.
You die...

#.# #.### ###
+## #...# #..
..# ###.###
#.#### ..# #...#
#.#..# ..#
###.###.#..# ..#
#......†.# ..#
#####.##.####..#
#.##....@W.#
#.#...###..#
#.#.#.# .....
#.#.... ..####
#.#.#.## #.#
#.###.# .# #..
... .# ### .#


You could see a phantom (confused).

Vanquished Creatures
  Sigmund (D:2)
  3 wights (D:3)
  An orc priest (D:3)
  Crazy Yiuf (D:2)
  Natasha (twice) (D:3)
  An orc wizard (D:2)
  Terence (D:2)
  4 adders
  2 giant geckos
  An ooze (D:2)
  10 orcs (D:3)
  9 bats
  3 giant cockroaches
  9 hobgoblins
  3 quokkas
  2 ball pythons
  2 giant newts (D:2)
  10 goblins
  9 kobolds
  10 rats
84 creatures vanquished.

Vanquished Creatures (others)
  An orc priest (D:2)
1 creature vanquished.

Grand Total: 85 creatures vanquished

Notes
Turn   | Place    | Note
--------------------------------------------------------------
     0 | D:1      | BluebellGnoll, the High Elf Enchanter, began the quest for the Orb.
     0 | D:1      | Reached XP level 1. HP: 11/11 MP: 4/4
   212 | D:1      | Reached skill level 4 in Stealth
   265 | D:1      | Reached XP level 2. HP: 17/17 MP: 6/6
   269 | D:1      | Learned a level 2 spell: Ensorcelled Hibernation
  1290 | D:1      | Reached XP level 3. HP: 21/21 MP: 6/8
  1295 | D:1      | Learned a level 3 spell: Confuse
  1331 | D:2      | Reached skill level 5 in Stealth
  1503 | D:2      | Noticed Crazy Yiuf
  1513 | D:2      | Killed Crazy Yiuf
  1513 | D:2      | Reached XP level 4. HP: 27/27 MP: 6/11
  1668 | D:2      | Reached skill level 6 in Stealth
  1799 | D:2      | Noticed Sigmund
  1810 | D:2      | Killed Sigmund
  1810 | D:2      | Reached skill level 7 in Stealth
  1810 | D:2      | Reached XP level 5. HP: 28/31 MP: 3/12
  2031 | D:2      | Noticed Terence
  2032 | D:2      | Killed Terence
  2064 | D:2      | You fall through a shaft!
  2071 | D:2      | Found a sacrificial altar of Ru.
  2071 | D:2      | Found a basalt altar of Yredelemnul.
  2077 | D:2      | Found an opulent altar of Gozag.
  2167 | D:2      | Learned a level 2 spell: Sure Blade
  2882 | D:3      | Reached skill level 8 in Stealth
  2972 | D:3      | Reached XP level 6. HP: 31/36 MP: 15/15
  3581 | D:3      | Noticed Natasha
  3596 | D:3      | Killed Natasha
  3656 | D:3      | Noticed Natasha
  3665 | D:3      | Killed Natasha
  3667 | D:3      | Found a glowing golden altar of the Shining One.
  3768 | D:3      | Learned a level 3 spell: Dazzling Spray
  3784 | D:3      | Noticed Natasha
  3900 | D:4      | Slain by a phantom

Action                   |  1- 3 |  4- 6 || total
-------------------------+-------+-------++-------
Melee: Dagger            |    98 |   182 ||   280
       Quarterstaff      |       |    18 ||    18
 Cast: Corona            |    19 |    11 ||    30
       Ensorcelled Hiber |     2 |    17 ||    19
       Confuse           |     1 |    24 ||    25
       Sure Blade        |       |     2 ||     2
 Stab: Sleeping          |     6 |    17 ||    23
       Confused          |     1 |    10 ||    11
       Distracted        |       |     1 ||     1
  Eat: Chunk             |     2 |    11 ||    13
